 Dungeon Crawl Stone Soup version 0.21.1-1-g345015f (webtiles) character file.

426 tidbits the Skirmisher (level 6, -4/53 HPs)
             Began as a Gnoll Wanderer on June 8, 2018.
             Slain by a yak (7 damage)
             ... on level 10 of the Dungeon.
             The game lasted 00:19:42 (1302 turns).

tidbits the Skirmisher (Gnoll Wanderer)             Turns: 1302, Time: 00:19:42

Health: -4/53      AC:  3    Str: 14    XL:     6   Next: 97%
Magic:  2/14       EV: 12    Int: 14    God:
Gold:   146        SH:  5    Dex: 17    Spells: 4/15 levels left

rFire    . . .     SeeInvis +   a - +0 short sword (drain)
rCold    . . .     Gourm    .   D - +0 buckler
rNeg     . . .     Faith    .   B - +0 robe {MR+}
rPois    .         Spirit   .   (no helmet)
rElec    .         Reflect  .   (no cloak)
rCorr    .         Harm     .   (no gloves)
MR       +....                  F - +0 pair of boots
Stlth    +++.......             (no amulet)
HPRegen  0.17/turn              E - ring of see invisible
MPRegen  0.14/turn              u - ring of stealth

@: lethally poisoned (-4 -> -5), very slightly contaminated
A: distributed training, fangs 1, strong nose
a: no special abilities


You were on level 10 of the Dungeon.
You were not hungry.

You visited 2 branches of the dungeon, and saw 11 of its levels.

You collected 146 gold pieces.

Inventory:

Hand Weapons
 a - a +0 short sword of draining (weapon)
   (You found it on level 1 of the Dungeon)
 b - a +0 dagger
 x - a +3 short sword
Missiles
 d - 29 stones
 f - 112 arrows
 j - 8 tomahawks (quivered)
 w - 18 sling bullets
Armour
 l - a +0 robe
 B - a +0 robe of magic resistance (worn)
   (You found it on level 1 of the Dungeon)
 D - a +0 buckler (worn)
 F - a +0 pair of boots (worn)
Jewellery
 g - an uncursed ring of fire
   (You took it off a goblin on level 1 of the Dungeon)
 q - an uncursed ring of see invisible
   (You found it on level 4 of the Dungeon)
 u - a ring of stealth (right hand)
   (You found it on level 3 of the Dungeon)
 E - a ring of see invisible (left hand)
   (You found it on level 8 of the Dungeon)
 K - an uncursed ring of resist corrosion
   (You found it on level 2 of the Dungeon)
Wands
 y - a wand of scattershot (2)
Scrolls
 h - a scroll of blinking
 k - 2 scrolls of immolation
 m - a scroll of amnesia
 n - a scroll of remove curse
 o - 2 scrolls of fog
 t - a scroll of teleportation
 v - a scroll of enchant armour
Potions
 i - a potion of flight {unknown}
 p - 2 potions of heal wounds
 s - a potion of haste {unknown}
 z - a potion of magic {unknown}
 A - a potion of lignification
 C - a potion of brilliance {unknown}
Books
 e - a book of Necromancy

   Spells                             Type                      Level
   a - Pain                           Necromancy                   1
   b - Animate Skeleton               Necromancy                   1
   c - Vampiric Draining              Necromancy                   3
   d - Regeneration                   Charms/Necromancy            3
   e - Animate Dead                   Necromancy                   4
   f - Borgnjor's Vile Clutch         Necromancy/Earth             5
 r - a book of Misfortune
   (You found it on level 3 of the Dungeon)

   Spells                             Type                      Level
   a - Confusing Touch                Hexes                        1
   b - Confuse                        Hexes                        3
   c - Gell's Gravitas                Translocation                3
   d - Petrify                        Transmutation/Earth          4
   e - Metabolic Englaciation         Hexes/Ice                    5
   f - Yara's Violent Unravelling     Hexes/Transmutation          5
Comestibles
 c - 6 rations


   Skills:
 + Level 6.9 Fighting
 + Level 2.1 Short Blades
 + Level 2.1 Long Blades
 + Level 2.1 Axes
 + Level 2.1 Maces & Flails
 + Level 2.1 Polearms
 + Level 2.1 Staves
 + Level 2.1 Slings
 + Level 2.1 Bows
 + Level 2.1 Crossbows
 + Level 3.3 Throwing
 + Level 2.1 Armour
 + Level 2.1 Dodging
 + Level 2.1 Stealth
 + Level 3.3 Shields
 + Level 2.1 Unarmed Combat
 + Level 5.4 Spellcasting
 + Level 1.7 Conjurations
 + Level 1.7 Hexes
 + Level 1.7 Charms
 + Level 2.7 Summonings
 + Level 4.2 Necromancy
 + Level 1.7 Translocations
 + Level 1.7 Transmutations
 + Level 1.7 Fire Magic
 + Level 1.7 Ice Magic
 + Level 1.7 Air Magic
 + Level 1.7 Earth Magic
 + Level 1.7 Poison Magic
 + Level 2.3 Invocations
 + Level 2.1 Evocations


You had 4 spell levels left.
You knew the following spells:

 Your Spells              Type           Power        Failure   Level  Hunger
a - Pain                  Necr           ###.         3%          1    None
c - Confuse               Hex            #.......     26%         3    ###....
d - Vampiric Draining     Necr           ###.......   10%         3    ###....
n - Animate Skeleton      Necr           N/A          3%          1    None
r - Regeneration          Chrm/Necr      ##........   16%         3    ###....


Dungeon Overview and Level Annotations

Branches:
Dungeon (10/15)            Temple (1/1) D:6
   Lair: D:8-11         Orc: D:9-12

Altars:
Dithmenos
Elyvilon
Hepliaklqana
Kikubaaqudgha
Makhleb
Okawaru
Ru
Sif Muna
Trog
Vehumet
Wu Jian
Xom
Yredelemnul
Zin

Annotations:
D:5 tidbits's ghost, novice GnWn


Innate Abilities, Weirdness & Mutations

Your experience applies equally to all skills.
You have very sharp teeth.
Your uncanny sense of smell can sniff out nearby items.


Message History

Press: ? - help, Shift-Dir - straight line, f/p - scorpion
Aim: a scorpion (moderately wounded, lightly drained)
The scorpion is almost dead.
You feel life coursing into your body.
You feel sick. The scorpion stings you.
You are more poisoned.
The scorpion poisons you!
You barely miss the scorpion.
The scorpion is almost dead.
You feel sick. The scorpion stings you.
* * * LOW HITPOINT WARNING * * *
You hit the scorpion.
You bite the scorpion, but do no damage.
The scorpion is almost dead.
You feel sick.
The scorpion stings you but does no damage.
You barely miss the scorpion.
The scorpion is almost dead.
You feel sick. The scorpion stings you.
* * * LOW HITPOINT WARNING * * *
You barely miss the scorpion.
The scorpion is almost dead.
You feel sick. You block the scorpion's attack.
You hit the scorpion.
You kill the scorpion!
You feel sick.
It was a potion of heal wounds.
You feel much better.
You feel sick.
You feel sick.
A yak comes into view.
You feel sick.
The yak bellows!
You hear a bellow! x2
A yak comes into view.
Okay, then.
Unknown command. 3 yaks come into view.
The yak moves out of view. x2
A yak comes into view.
You feel sick. You block the yak's attack.
You feel sick. The yak gores you.
You feel sick.
You feel sick. The yak gores you!
* * * LOW HITPOINT WARNING * * *
Found a stone staircase leading down.
A jackal comes into view.
You feel sick.
A jackal comes into view.
There is a stone staircase leading down here.
The jackal barks!
The yak closely misses you.
You climb downwards.
You feel sick.
There is a stone staircase leading up here.
Unknown command.
Casting: Vampiric Draining
Confirm with . or Enter, or press ? or * to list all spells.
Aiming: Vampiric Draining
Press: ? - help, Shift-Dir - straight line, f - yak
Aim: a yak The yak is lightly wounded.
You feel life coursing into your body. You block the yak's attack.
You barely miss the yak.
The yak is lightly wounded.
The yak barely misses you.
You hit the yak but do no damage. You bite the yak, but do no damage.
The yak is lightly wounded.
You feel sick. You block the yak's attack. The yak gores you.
* * * LOW HITPOINT WARNING * * *
You hit the yak but do no damage. You drain the yak!
The yak is lightly wounded.
The yak misses you.
You hit the yak.
The yak is moderately wounded.
The yak barely misses you.
You hit the yak but do no damage. You drain the yak!
You bite the yak, but do no damage.
The yak is moderately wounded.
The yak gores you.
* * * LOW HITPOINT WARNING * * *
You hit the yak.
The yak is heavily wounded.
You feel sick. The yak gores you!
* * * LOW HITPOINT WARNING * * *
You hit the yak. You drain the yak!
The yak is severely wounded.
The yak gores you.
* * * LOW HITPOINT WARNING * * *
You hit the yak but do no damage.
The yak is severely wounded.
You block the yak's attack.
You closely miss the yak. Your bite misses the yak.
The yak is severely wounded.
The yak gores you.
* * * LOW HITPOINT WARNING * * *
You barely miss the yak.
The yak is severely wounded.
You feel sick. The yak barely misses you.
You barely miss the yak.
The yak is severely wounded.
You barely miss the yak.
The yak is severely wounded.
The yak gores you!
You die...

#. #.###
#...# ∆
#...# #...#
#...#
#Y..####..
#.@.......
#....####..
#....#
#....#
.....#
#...###
###. .. ∆


You could see a yak.

Vanquished Creatures
  A necrophage (D:5)
  A scorpion (D:9)
  A hound (D:9)
  3 orc priests
  An iguana (D:8)
  2 worker ants
  A hound skeleton (D:6)
  A worker ant zombie (D:6)
  An adder (D:3)
  An ooze (D:1)
  A worm (D:3)
  A leopard gecko (D:6)
  5 orcs
  2 giant cockroaches
  6 hobgoblins
  11 jackals
  3 kobolds
  4 bats
  3 frilled lizards
  6 goblins
  4 rats
59 creatures vanquished.

Notes
Turn   | Place    | Note
-------+----------+-------------------------------------------
     0 | D:1      | tidbits the Gnoll Wanderer began the quest for the Orb.
     0 | D:1      | tidbits set off with: a book of Necromancy, a potion of lignification, a +0 buckler, a +0 robe, a +0 dagger, a ration
     0 | D:1      | Reached XP level 1. HP: 23/23 MP: 6/6
     2 | D:1      | Learned a level 1 spell: Animate Skeleton
     4 | D:1      | Learned a level 1 spell: Pain
    30 | D:1      | Reached skill level 2 in Summonings
    59 | D:1      | Reached XP level 2. HP: 6/29 MP: 2/7
    60 | D:1      | HP: 3/43 [jackal (2)]
   121 | D:2      | Found a faded altar of an unknown god.
   160 | D:2      | HP: 2/29 [hobgoblin/club (3)]
   227 | D:1      | Reached XP level 3. HP: 5/35 MP: 2/9
   293 | D:1      | Learned a level 3 spell: Vampiric Draining
   297 | D:1      | Learned a level 3 spell: Regeneration
   310 | D:2      | Reached skill level 5 in Spellcasting
   423 | D:2      | Found a white marble altar of Elyvilon.
   446 | D:3      | Reached skill level 1 in Short Blades
   446 | D:3      | Reached skill level 1 in Long Blades
   446 | D:3      | Reached skill level 1 in Axes
   446 | D:3      | Reached skill level 1 in Maces & Flails
   446 | D:3      | Reached skill level 1 in Polearms
   446 | D:3      | Reached skill level 1 in Staves
   446 | D:3      | Reached skill level 1 in Slings
   446 | D:3      | Reached skill level 1 in Bows
   446 | D:3      | Reached skill level 1 in Crossbows
   446 | D:3      | Reached skill level 1 in Armour
   446 | D:3      | Reached skill level 1 in Dodging
   446 | D:3      | Reached skill level 1 in Stealth
   446 | D:3      | Reached skill level 1 in Unarmed Combat
   446 | D:3      | Reached skill level 1 in Invocations
   446 | D:3      | Reached skill level 1 in Evocations
   446 | D:3      | Reached XP level 4. HP: 30/41 MP: 7/11
   482 | D:4      | Reached skill level 1 in Conjurations
   482 | D:4      | Reached skill level 1 in Hexes
   482 | D:4      | Reached skill level 1 in Charms
   482 | D:4      | Reached skill level 1 in Translocations
   482 | D:4      | Reached skill level 1 in Transmutations
   482 | D:4      | Reached skill level 1 in Fire Magic
   482 | D:4      | Reached skill level 1 in Ice Magic
   482 | D:4      | Reached skill level 1 in Air Magic
   482 | D:4      | Reached skill level 1 in Earth Magic
   482 | D:4      | Reached skill level 1 in Poison Magic
   534 | D:5      | Entered Level 5 of the Dungeon
   594 | D:3      | Found a burning altar of Makhleb.
   615 | D:3      | Found a glowing silver altar of Zin.
   615 | D:3      | Noticed an angel
   615 | D:3      | Noticed a balrug
   680 | D:5      | Reached XP level 5. HP: 44/47 MP: 10/12
   745 | D:5      | Reached skill level 3 in Throwing
   745 | D:5      | Reached skill level 3 in Shields
   745 | D:5      | Reached skill level 4 in Necromancy
   761 | D:5      | Noticed a necrophage
   781 | D:5      | Killed a necrophage
   781 | D:5      | Reached skill level 2 in Invocations
   781 | D:5      | Reached XP level 6. HP: 29/49 MP: 8/14
   801 | D:5      | Noticed tidbits's ghost (novice GnWn)
  1023 | D:6      | Reached skill level 2 in Short Blades
  1023 | D:6      | Reached skill level 2 in Long Blades
  1023 | D:6      | Reached skill level 2 in Axes
  1023 | D:6      | Reached skill level 2 in Maces & Flails
  1023 | D:6      | Reached skill level 2 in Polearms
  1023 | D:6      | Reached skill level 2 in Staves
  1023 | D:6      | Reached skill level 2 in Slings
  1023 | D:6      | Reached skill level 2 in Bows
  1023 | D:6      | Reached skill level 2 in Crossbows
  1023 | D:6      | Reached skill level 2 in Armour
  1023 | D:6      | Reached skill level 2 in Dodging
  1023 | D:6      | Reached skill level 2 in Stealth
  1023 | D:6      | Reached skill level 2 in Unarmed Combat
  1023 | D:6      | Reached skill level 2 in Evocations
  1029 | D:6      | Found a staircase to the Ecumenical Temple.
  1036 | Temple   | Entered the Ecumenical Temple
  1198 | D:8      | Learned a level 3 spell: Confuse
  1201 | D:8      | Noticed a phantom
  1226 | D:8      | You fall through a shaft!
  1226 | D:9      | Noticed an orc warrior
  1277 | D:9      | Noticed a yak
  1278 | D:9      | Noticed a yak
  1278 | D:9      | Noticed a yak
  1278 | D:9      | Noticed a yak
  1278 | D:9      | Noticed a yak
  1279 | D:9      | Noticed a yak
  1289 | D:10     | Entered Level 10 of the Dungeon
  1297 | D:10     | HP: 4/53 [yak (5)]
  1302 | D:10     | Slain by a yak

Skill      XL: |  1  2  3  4  5  6 |
---------------+-------------------+-----
Summonings     | 2 |  2.7
Spellcasting   | 5 |  5.4
Short Blades   | 1 2 |  2.1
Long Blades    | 1 2 |  2.1
Axes           | 1 2 |  2.1
Maces & Flails | 1 2 |  2.1
Polearms       | 1 2 |  2.1
Staves         | 1 2 |  2.1
Slings         | 1 2 |  2.1
Bows           | 1 2 |  2.1
Crossbows      | 1 2 |  2.1
Armour         | 1 2 |  2.1
Dodging        | 1 2 |  2.1
Stealth        | 1 2 |  2.1
Unarmed Combat | 1 2 |  2.1
Invocations    | 1 2 |  2.3
Evocations     | 1 2 |  2.1
Conjurations   | 1 |  1.7
Hexes          | 1 |  1.7
Charms         | 1 |  1.7
Translocations | 1 |  1.7
Transmutations | 1 |  1.7
Fire Magic     | 1 |  1.7
Ice Magic      | 1 |  1.7
Air Magic      | 1 |  1.7
Earth Magic    | 1 |  1.7
Poison Magic   | 1 |  1.7
Throwing       | 3 |  3.3
Shields        | 3 |  3.3
Necromancy     | 4 |  4.2
Fighting       | |  6.9

Action                   |  1- 3 |  4- 6 || total
-------------------------+-------+-------++-------
Melee: Dagger            |     7 |       ||     7
       Unarmed           |     7 |       ||     7
       Bite              |     1 |    16 ||    17
       Short sword       |     3 |   142 ||   145
Throw: Tomahawk          |     8 |     2 ||    10
       Stone             |     1 |       ||     1
 Cast: Pain              |    31 |     5 ||    36
       Regeneration      |     2 |     6 ||     8
       Vampiric Draining |     2 |    10 ||    12
  Use: Potion            |     1 |     1 ||     2
       Scroll            |       |     7 ||     7
  Eat: Chunk             |       |     1 ||     1
       Ration            |       |     1 ||     1
Armor: Robe              |     3 |    23 ||    26
       Skin              |     2 |       ||     2
Dodge: Dodged            |    14 |    99 ||   113
Block: Buckler           |     7 |    53 ||    60

Table legend:
 A = Turns spent in this place as a percentage of turns spent in the entire game.
 B = Non-inter-level travel turns spent in this place as a percentage of non-inter-level travel turns spent in the entire game.
 C = Inter-level travel turns spent in this place as a percentage of turns spent in this place.
 D = Turns resting spent in this place as a percentage of non-inter-level travel turns spent in this place.
 E = Turns spent auto-exploring this place as a percentage of non-inter-level travel turns spent in this place.
 F = Non-inter-level travel turns spent in this place divided by the number of levels of this place that you've seen.
                   A       B       C       D       E      F
               +-------+-------+-------+-------+-------+----------------------
         Total | 100.0 | 100.0 |   1.2 |   0.0 |   0.0 | 117.0
       Dungeon |  96.3 |  97.4 |   0.0 |   0.0 |   0.0 | 125.4
        Temple |   3.7 |   2.6 |  31.2 |   0.0 |   0.0 |  33.0
               +-------+-------+-------+-------+-------+----------------------

Table legend:
 A = Kills in this place as a percentage of kills in entire the game.
 B = Kills by you in this place as a percentage of kills by you in the entire game.
 C = Kills by friends in this place as a percentage of kills by friends in the entire game.
 D = Other kills in this place as a percentage of other kills in the entire game.
 E = Experience gained in this place as a percentage of experience gained in the entire game.
 F = Experience gained in this place divided by the number of levels of this place that you have seen.
                   A       B       C       D       E      F
               +-------+-------+-------+-------+-------+----------------------
         Total | 100.0 | 100.0 |   N/A |   N/A | 100.0 |  55.4
       Dungeon | 100.0 | 100.0 |   N/A |   N/A | 100.0 |  60.9
               +-------+-------+-------+-------+-------+----------------------

Vault maps used:
D:1:      lemuel_arrival_behind_the_door_small, minmay_cupped
D:2:      tso_metal_star, overflow_temple_1_default, grunt_temple_overflow_open,
          chequers_ecumenical_altar_simple, uniq_sigmund
D:3:      grunt_temple_overflow_order_and_chaos_2, overflow_temple_1_default,
          lemuel_coloured_pillars_altar, st_stairs_11, kennysheep_generic_room_9
D:4:      eat_drink_and_be_merry_uskayaw, uniq_menkaure
D:5:      first_ration
D:6:      minmay_temple_entry_butterflies, serial_shops, shop
D:7:      overflow_temple_1_default, serial_shops, shop, hex_medium
D:8:      kennysheep_kobold_camp, nicolae_overflow_crystal_walls, special_room
D:9:      orc_0_dummy, basic_altar, kennysheep_just_a_vault
D:10:     serial_corexii_hall, corexii_hall_statues_deadend,
          corexii_hall_statues_l, the_bakery
Temple:   chequers_temple_sunken
